 Dungeon Crawl Stone Soup version 0.31-a0-1267-gfedaa18580 (webtiles) character file.

Game seed: 14567795407604169688

29 skwerlee the Shooter (level 3, 0/22 HPs)
             Began as a Kobold Hunter on Dec 17, 2023.
             Succumbed to an adder's poison
             ... on level 2 of the Dungeon.
             The game lasted 00:00:24 (448 turns).

skwerlee the Shooter (Kobold Hunter)                 Turns: 448, Time: 00:00:25

Health: 0/22       AC:  3    Str:  8    XL:     3   Next: 32%
Magic:  3/3        EV: 14    Int: 10    God:
Gold:   38         SH:  0    Dex: 20    Spells: 2/2 levels left

rFire   . . .        a - +0 shortbow
rCold   . . .        (shield currently unavailable)
rNeg    . . .        c - +0 leather armour
rPois   .            (no helmet)
rElec   .            (no cloak)
rCorr   .            (no gloves)
SInv    .            (no boots)
Will    .....        (no amulet)
Stlth   +++          (no ring)
HPRegen 0.23/turn    (no ring)
MPRegen 0.08/turn

%: no passive effects
@: lethally poisoned (0 -> -1)
A: small, no large weapons, nightstalker 3
a: no special abilities


You were on level 2 of the Dungeon.
You visited 1 branch of the dungeon, and saw 2 of its levels.

You collected 38 gold pieces.

Inventory:

Hand Weapons
 a - a +0 shortbow (weapon)
Armour
 c - a +0 leather armour (worn)
Scrolls
 b - a scroll of butterflies
Potions
 d - a potion of heal wounds {unknown}
 e - a potion of might {unknown}


   Skills:
 + Level 2.3 Fighting
 + Level 6.4 Ranged Weapons
 + Level 0.2 Armour
 + Level 2.5 Dodging
 + Level 1.3 Stealth


You had 2 spell levels left.
You didn't know any spells.
Your spell library was empty.

Dungeon Overview and Level Annotations

Branches:
Dungeon (1/15)

Altars:


Innate Abilities, Weirdness & Mutations

You are small and have problems with some larger weapons.
You are completely attuned to the shadows.


Message History

There are monsters nearby!
You are too injured to fight recklessly!
Fire: a) +0 shortbow
Press: ? - help, Q - select action Shift-Dir - straight line, f/p - adder
Aim: an adder (heavily wounded, 50% to hit)
You shoot an arrow. The arrow hits the adder.
The adder is severely wounded.
You feel sick. The adder closely misses you.
Unknown command.
Fire: a) +0 shortbow
Press: ? - help, Q - select action Shift-Dir - straight line, f/p - adder
Aim: an adder (severely wounded, 50% to hit)
You shoot an arrow. The arrow hits the adder.
You kill the adder!
You feel sick. The ball python bites you.
* * * LOW HITPOINT WARNING * * *
The ball python closely misses you.
You have reached level 3!
Your experience leads to an increase in your attributes!
Increase (S)trength, (I)ntelligence, or (D)exterity?
You feel agile. x2
Fire: a) +0 shortbow
Press: ? - help, Q - select action Shift-Dir - straight line, f - ball python
Aim: a ball python (63% to hit)
You shoot an arrow. The arrow hits the ball python!
You kill the ball python!
* * * LOW HITPOINT WARNING * * *
You feel sick.
Fire: a) +0 shortbow
Press: ? - help, Q - select action Shift-Dir - straight line, f - hobgoblin
Aim: a hobgoblin (heavily wounded, 66% to hit)
You shoot an arrow. The arrow barely misses the hobgoblin.
* * * LOW HITPOINT WARNING * * *
You feel sick. The hobgoblin misses you.
Fire: a) +0 shortbow
Press: ? - help, Q - select action Shift-Dir - straight line, f/p - hobgoblin
Aim: a hobgoblin (heavily wounded, 66% to hit)
You shoot an arrow. The arrow hits the hobgoblin.
The hobgoblin is severely wounded.
You die...

♣♣♣♣♣♣
♣♣♣....♣♣
♣♣♣..♣♣♣..♣♣♣♣
♣♣♣..♣♣♣
♣......
♣♣..♣♣♣
♣♣...♣♣ ♣♣.♣♣♣
♣♣♣...♣ ♣@♣♣
.....♣♣♣ ♣g♣
♣♣♣♣.... ...
♣♣♣♣. ..♣♣♣ ♣♣
?.. ♣


You could see a hobgoblin.

Vanquished Creatures
  2 adders (D:2)
  2 ball pythons
  4 bats
  A hobgoblin (D:1)
  2 jackals (D:1)
  A kobold (D:2)
  A rat (D:1)
13 creatures vanquished.

Notes
Turn   | Place    | Note
-------+----------+-------------------------------------------
     0 | D:1      | skwerlee the Kobold Hunter began the quest for the Orb.
     0 | D:1      | Reached XP level 1. HP: 12/12 MP: 1/1
   150 | D:1      | Reached XP level 2. HP: 17/17 MP: 2/2
   240 | D:1      | You fall into a shaft and drop 1 floor!
   304 | D:2      | Reached skill level 6 in Ranged Weapons
   446 | D:2      | Reached XP level 3. HP: 2/22 MP: 3/3
   447 | D:2      | HP: 1/22 [poisoned by an adder]
   448 | D:2      | Succumbed to an adder's poison

Illustrated notes

Levels and vault maps discovered:
D:1:      dpeg_chamrin_arrival_tetris, layout_basic, grunt_decor_clamped
D:2:      kb_forest_paths, layout_basic, basic_altar, serial_glass,
          glass_columns_a, glass_columns_a

Skill      XL: |  1  2 |
---------------+-------+-----
Ranged Weapons | 6 |  6.4
Fighting       | |  2.3
Armour         | |  0.2
Dodging        | |  2.5
Stealth        | |  1.3

Action                     || total
---------------------------++-------
   Fire: Shortbow          ||    33
 Armour: Leather armour    ||     9
  Dodge: Dodged            ||    16

Table legend: (Time is in decaauts)
 A = Elapsed time spent in this place.
 B = Non-inter-level travel time spent in this place.
 C = Inter-level travel time spent in this place.
 D = Time resting spent in this place.
 E = Time spent auto-exploring this place.
 F = Levels seen in this place.
 G = Mean time per level.
                   A        B        C        D        E       F      G
               +--------+--------+--------+--------+--------+-----+--------+
         Total |    453 |    453 |      0 |      0 |    395 |   2 |  226.5 |
       Dungeon |    453 |    453 |      0 |      0 |    395 |   2 |  226.5 |
               +--------+--------+--------+--------+--------+-----+--------+

Top non-repeatable levels by time:
     D:1: 241 daAuts
     D:2: 211 daAuts
